Map: [ESL] Cosmic Sapphire

Players

soO - Winner!

  • Race: Zerg Zerg
  • Spawn Location: 5:00

Solar

  • Race: Zerg Zerg
  • Spawn Location: 11:00

Event: TSL 9

VOD

Have the link to the VOD?

Description

Time

  • Played on: July 31, 2022, 6:14 a.m.
  • Length: 6:55

All games in this series

Show
View Real Time Build Order
Export as new Build Order

soO Zerg - Winner!

Build Orders: Hatch First 

Get SALT Encoding   

  12  0:00  Drone  
  13  0:11  Overlord  
  13  0:16  Drone  
  14  0:30  Drone x2  
  16  0:47  Hatchery  
  15  0:50  Drone  
  15  0:53  Drone  
  17  0:57  Drone  
  18  1:07  Extractor  
  17  1:12  Spawning Pool  
  17  1:15  Drone  
  17  1:19  Drone  
  18  1:27  Drone  
  19  1:37  Drone  
  20  1:51  Overlord  
  20  1:59  Zergling x2, Queen x2  
  25  2:02  Drone  
  26  2:10  Drone x2  
  26  2:12  Metabolic Boost  
  28  2:20  Drone x2  
  30  2:31  Drone  
  30  2:32  Drone  
  32  2:37  Hatchery  
  31  2:44  Queen  
  31  2:51  Zergling x2  
  34  2:52  Drone  
  34  2:55  Baneling Nest  
  34  2:59  Overlord  
  34  3:00  Drone  
  35  3:07  Drone  
  35  3:09  Overlord  
  39  3:20  Zergling x10  
  39  3:21  Zergling x2  
  41  3:31  Zergling x6  
  44  3:40  Baneling x2  
  44  3:41  Baneling  
  44  3:45  Zergling x10  
  49  3:50  Drone  
  49  3:53  Drone x2  
  52  3:55  Drone  
  52  3:56  Drone  
  52  4:01  Drone x2  
  53  4:07  Baneling x2  
  53  4:08  Drone x2  
  53  4:11  Zergling x2  
  53  4:12  Evolution Chamber  
  53  4:14  Drone x2  
  55  4:17  Drone  
  55  4:18  Drone  
  55  4:19  Overlord  
  55  4:22  Baneling x2  
  57  4:26  Overlord  
  57  4:28  Overlord  
  57  4:31  Drone  
  58  4:34  Overlord  
  58  4:35  Overlord  
  58  4:38  Drone x2  
  57  4:39  Drone  
  57  4:42  Zerg Missile Weapons Level 1  
  58  4:45  Drone  
  58  4:46  Drone x2  
  61  4:53  Drone x2, Roach Warren  
  61  4:56  Extractor  
  61  4:57  Drone, Extractor  
  61  4:58  Drone  
  61  4:59  Zergling x2  
  63  5:01  Drone  
  63  5:03  Drone  
  63  5:06  Drone x2  
  67  5:08  Overlord  
  67  5:12  Zergling x2  
  67  5:13  Overlord  
  68  5:19  Zergling x2  
  68  5:31  Baneling x2  
  68  5:33  Roach x8  
  84  5:38  Roach x2  
  84  5:41  Roach  
  89  5:49  Roach x2  
  79  5:52  Roach  
  79  5:54  Roach  
  83  5:59  Zergling x4, Roach  
  83  6:00  Zergling x6  
  90  6:05  Roach x2  
  90  6:06  Zergling x4, Roach  
  98  6:12  Roach  
  98  6:13  Roach  
  98  6:18  Zergling x2  
  103  6:21  Ravager  
  103  6:22  Zergling x2  
  103  6:25  Zergling x14  
  111  6:32  Roach x2  
Show
View Real Time Build Order
Export as new Build Order

Solar Zerg 

Build Orders: Hatch First 

Get SALT Encoding   

  12  0:00  Drone  
  13  0:12  Overlord  
  13  0:17  Drone  
  14  0:30  Drone x2  
  16  0:47  Hatchery  
  15  0:51  Drone  
  15  0:54  Drone  
  17  0:57  Drone  
  18  1:08  Extractor  
  17  1:13  Spawning Pool  
  17  1:15  Drone  
  17  1:19  Drone  
  18  1:28  Drone  
  19  1:39  Drone  
  20  2:00  Zergling x2, Queen x2  
  20  2:01  Overlord  
  25  2:03  Drone  
  25  2:08  Metabolic Boost  
  26  2:10  Drone  
  26  2:11  Drone  
  28  2:21  Drone x2  
  30  2:32  Hatchery  
  30  2:35  Zergling x2  
  30  2:43  Queen  
  32  2:51  Baneling Nest  
  32  2:53  Drone  
  32  2:55  Overlord  
  32  2:57  Drone  
  33  3:00  Drone  
  33  3:01  Drone  
  35  3:06  Drone  
  36  3:14  Drone x2  
  36  3:15  Drone  
  36  3:16  Zergling x4  
  36  3:17  Drone  
  42  3:23  Drone, Evolution Chamber  
  42  3:28  Overlord  
  42  3:30  Drone  
  42  3:33  Drone  
  44  3:38  Baneling  
  44  3:46  Zergling x12  
  44  3:47  Baneling x2  
  50  3:54  Zergling x4  
  51  3:56  Overlord  
  51  3:57  Drone  
  51  3:59  Drone  
  51  4:02  Drone  
  54  4:05  Drone  
  54  4:07  Drone x2  
  52  4:10  Zerg Missile Weapons Level 1  
  52  4:16  Drone x2  
  54  4:17  Drone  
  54  4:20  Roach Warren  
  54  4:21  Zergling x2  
  54  4:25  Drone  
  54  4:26  Drone  
  54  4:28  Zergling x2, Drone  
  54  4:30  Drone  
  57  4:33  Drone  
  57  4:34  Zergling x2  
  57  4:37  Overlord  
  58  4:40  Extractor  
  58  4:41  Drone  
  58  4:46  Lair  
  58  4:47  Extractor  
  58  4:48  Drone x2  
  58  4:49  Drone  
  58  4:50  Drone x2  
  58  4:52  Drone  
  62  5:01  Drone x3  
  62  5:02  Overlord  
  62  5:06  Drone  
  62  5:07  Drone  
  67  5:13  Drone x2  
  67  5:14  Drone x2  
  71  5:15  Drone  
  72  5:22  Roach  
  72  5:23  Roach x3  
  72  5:25  Baneling x2  
  72  5:26  Overlord  
  72  5:28  Extractor  
  73  5:29  Drone x4  
  73  5:31  Drone  
  78  5:38  Queen  
  78  5:39  Roach x3  
  78  5:42  Drone x2  
  79  5:44  Drone x2  
  79  5:49  Drone x3  
  78  5:50  Overlord  
  78  5:52  Drone x2  
  78  5:56  Ravager x3  
  83  5:58  Overseer  
  83  6:02  Drone x4  
  84  6:06  Extractor, Overlord  
  84  6:07  Extractor  
  84  6:08  Evolution Chamber  
  81  6:11  Roach x2  
  81  6:12  Baneling x2  
  81  6:14  Spine Crawler  
  81  6:17  Roach  
  81  6:18  Roach  
  89  6:21  Spine Crawler  
  89  6:22  Baneling x2  
  89  6:23  Roach  
  89  6:24  Roach  
  92  6:26  Roach  
  92  6:29  Roach x2  
  92  6:32  Roach x2  
Tags
 
Add a new tag
Caveats
  • Supply blocks, unpowered buildings, or Contaminate may cause inaccurate times.
  • Supply counts are checked every 10 seconds.